 Dungeon Crawl Stone Soup version 0.25-a0-424-g80bd347ae0 (webtiles) character file.

Game seed: 12976717733517569485, levelgen mode: deterministic

79 kae the Changer (level 4, 0/32 HPs)
             Began as a Demonspawn Transmuter on Jan 23, 2020.
             Slain by an adder (3 damage)
             ... on level 3 of the Dungeon.
             The game lasted 00:02:17 (2964 turns).

kae the Changer (Demonspawn Transmuter)             Turns: 2964, Time: 00:02:18

Health: 0/32       AC:  2    Str: 10    XL:     4   Next: 17%
Magic:  8/8        EV: 12    Int: 14    God:
Gold:   105        SH:  0    Dex: 15    Spells: 2/8 levels left

rFire    . . .     SeeInvis .   c - +0 dagger
rCold    . . .     Gourm    .   (no shield)
rNeg     . . .     Faith    .   b - +0 robe
rPois    .         Spirit   .   (no helmet)
rElec    .         Reflect  .   (no cloak)
rCorr    .         Harm     .   (no gloves)
MR       .....                  (no boots)
Stlth    +.........             (no amulet)
HPRegen  0.10/turn              (no ring)
MPRegen  0.11/turn              (no ring)

@: lethally poisoned (0 -> -6)
A: sturdy frame 1
a: no special abilities


You were on level 3 of the Dungeon.
You were hungry.

You visited 1 branch of the dungeon, and saw 3 of its levels.

You collected 105 gold pieces.

Inventory:

Hand Weapons
 c - a +0 dagger (weapon)
Missiles
 a - 45 arrows
Armour
 b - a +0 robe (worn)
Wands
 l - a wand of iceblast (8)
Scrolls
 g - 2 scrolls of immolation
Potions
 h - 2 potions of curing
 i - a potion of invisibility
 m - a potion of magic
Comestibles
 d - 7 rations


   Skills:
 - Level 1.0 Fighting
 - Level 1.7 Dodging
 - Level 2.6 Unarmed Combat
 + Level 2.8 Spellcasting
 * Level 3.5 Transmutations


You had 2 spell levels left.
You knew the following spells:

 Your Spells              Type           Power        Failure   Level  Hunger
a - Beastly Appendage     Tmut           ##....       5%          1    #......
b - Sticks to Snakes      Tmut           ##......     8%          2    ##.....
c - Spider Form           Tmut/Pois      #.........   32%         3    ###....

Your spell library contained the following spells:

 Spells                   Type           Power        Failure   Level  Hunger
 Ice Form                 Ice/Tmut       #.......     71%         4    #####..
 Blade Hands              Tmut           ##........   82%         5    ######.


Dungeon Overview and Level Annotations

Branches:
Dungeon (3/15)

Altars:


Innate Abilities, Weirdness & Mutations

Your movements are slightly less encumbered by armour. (ER -2)


Message History

You hit the adder.
The adder is lightly wounded.
The adder bites you but does no damage. x2
You hit the adder.
The adder is moderately wounded.
You feel less wooden.
Your +0 robe unmelds from your body.
The adder bites you.
You hit the adder.
The adder is heavily wounded.
The adder bites you.
You closely miss the adder.
The adder is heavily wounded.
The adder bites you.
You are poisoned.
The adder poisons you!
The orc priest invokes the aid of Beogh against you.
Beogh smites you!
* * * LOW HITPOINT WARNING * * *
The adder bites you.
You die...

#.#########.#... ≈
#........##.#.#. ≈≈
########.##.#.## ≈≈≈
#.##.#.## ≈≈o. #.##.#.##
≈≈≈≈.###########.##.#.##
≈≈≈≈..o{........>##.#.##
≈≈..##S########## #.## o
#@# #.## #.# #.## #.#
#.## ... #... #.# #.##
#.# ### #.# #.#


You could see an orc priest and an adder.

Vanquished Creatures
  2 adders (D:2)
  2 worms (D:2)
  A leopard gecko (D:2)
  An orc (D:3)
  A giant cockroach (D:1)
  5 hobgoblins
  8 jackals
  8 kobolds
  A ball python (D:1)
  7 bats
  2 frilled lizards (D:2)
  8 goblins
  6 rats
52 creatures vanquished.

Vanquished Creatures (others)
  An orc wizard (D:3)
1 creature vanquished.

Grand Total: 53 creatures vanquished

Notes
Turn   | Place    | Note
-------+----------+-------------------------------------------
     0 | D:1      | kae the Demonspawn Transmuter began the quest for the Orb.
     0 | D:1      | Reached XP level 1. HP: 15/15 MP: 3/3
    22 | D:1      | Reached skill level 2 in Transmutations
   709 | D:1      | Gained mutation: Your movements are slightly less
                  | encumbered by armour. (ER -2) [demonic ancestry]
   709 | D:1      | Reached XP level 2. HP: 14/21 MP: 5/5
  1792 | D:1      | Reached XP level 3. HP: 16/26 MP: 6/6
  2170 | D:2      | Reached skill level 3 in Transmutations
  2260 | D:2      | Learned a level 2 spell: Sticks to Snakes
  2264 | D:2      | Learned a level 3 spell: Spider Form
  2479 | D:2      | Reached XP level 4. HP: 18/32 MP: 2/8
  2964 | D:3      | Slain by an adder

Levels and vault maps discovered:
D:1:      minmay_arrival_up_and_down, layout_basic, serial_bayou_pond_b
D:2:      layout_loops_ring, first_ration, hangedman_decor_push,
          minmay_tiny_reverse_x
D:3:      layout_basic, old_standard_altar, chequers_ecumenical_altar_island,
          uniq_grinder, uniq_crazy_yiuf_cottage, uniq_natasha

Skill      XL: |  1  2  3 |
---------------+----------+-----
Transmutations | 2 3 |  3.5
Fighting       | |  1.0
Dodging        | |  1.7
Unarmed Combat | |  2.6
Spellcasting   | |  2.8

Action                   |  1- 3 |  4- 6 || total
-------------------------+-------+-------++-------
Melee: Dagger            |   177 |    53 ||   230
       Unarmed           |    15 |       ||    15
       Kick              |     9 |       ||     9
       Headbutt          |     8 |     3 ||    11
       Punch             |       |     1 ||     1
 Cast: Beastly Appendage |    18 |     2 ||    20
       Spider Form       |     1 |       ||     1
       Sticks to Snakes  |     1 |       ||     1
  Use: Potion            |     2 |     2 ||     4
       Scroll            |     1 |     4 ||     5
 Stab: Sleeping          |     2 |     2 ||     4
  Eat: Chunk             |     6 |     1 ||     7
Armor: Robe              |    49 |     1 ||    50
       Skin              |       |    22 ||    22
Dodge: Dodged            |   145 |    21 ||   166

Table legend:
 A = Non-vault XP
 B = Vault XP
 C = Vault XP percentage of total XP
 D = Non-vault monster count
 E = Vault monster count
 F = Vault count percentage of total count
                 A         B        C        D         E       F
            +---------+---------+-------+---------+---------+-------
      Total |      99 |      15 |  13.2 |      50 |       2 |   3.8
            +---------+---------+-------+---------+---------+-------
        D:1 |      41 |       0 |   0.0 |      26 |       0 |   0.0
        D:2 |      55 |      15 |  21.4 |      23 |       2 |   8.0
        D:3 |       3 |       0 |   0.0 |       1 |       0 |   0.0
            +---------+---------+-------+---------+---------+-------
